 Dungeon Crawl Stone Soup version 0.19-a0-1019-g9c6a58d (webtiles) character file.

767 Arkorax the Ruffian (level 7, -4/62 HPs)
             Began as a Purple Draconian Fighter on July 26, 2016.
             Was a Follower of Zin.
             Slain by an ogre
             ... wielding a +0 giant club
              (14 damage)
             ... on level 5 of the Dungeon.
             The game lasted 00:06:06 (5465 turns).

Arkorax the Ruffian (Purple Draconian Fighter)      Turns: 5465, Time: 00:06:07

Health: -4/62      AC:  9    Str: 22    XL:     7   Next: 52%
Magic:  7/7        EV: 11    Int:  8    God:    Zin [*.....]
Gold:   190        SH: 10    Dex: 12    Spells: 1 memorised, 5 levels left

rFire  . . .     SeeInvis .       - Unarmed
rCold  . . .     Gourm    .     (armour unavailable)
rNeg   . . .     Faith    .     a - +0 shield
rPois  .         Spirit   .     (helmet restricted)
rElec  .         Dismiss  .     m - +0 cloak
rCorr  .         Reflect  .     j - +1 pair of gloves {Str+3}
SustAt .         Harm     .     (no boots)
MR     +....                    (no amulet)
Stlth  +.........               (no ring)
                                (no ring)

@: somewhat resistant to hostile enchantments, very unstealthy
A: breathe power, unfitting armour, cold-blooded, AC +6
a: Breathe Dispelling Energy, Recite, Donate Gold, Renounce Religion


You were on level 5 of the Dungeon.
You worshipped Zin.
Zin was aware of your devotion.
You were very hungry.

You visited 2 branches of the dungeon, and saw 6 of its levels.

You collected 211 gold pieces.
You donated 21 gold pieces to Zin.

Inventory:

Missiles
 v - 7 javelins (quivered)
Armour
 a - a +0 shield (worn)
 j - a +1 pair of gloves of strength (worn)
 m - a +0 cloak (worn)
Jewellery
 t - an uncursed ring of fire
Scrolls
 d - 3 scrolls of identify {unknown}
 e - a scroll of immolation {unknown}
 f - a scroll of blinking {unknown}
 g - a scroll of magic mapping {unknown}
 k - a scroll of teleportation {unknown}
 o - 3 scrolls of remove curse {unknown}
 r - a scroll of amnesia {unknown}
Potions
 b - a potion of mutation {unknown}
 c - a potion of haste
 q - a potion of degeneration {unknown}
Books
 l - a book of Misfortune

   Spells                             Type                      Level
   a - Confusing Touch                Hexes                        1
   b - Confuse                        Hexes                        3
   c - Gell's Gravitas                Hexes/Translocation          3
   d - Petrify                        Transmutation/Earth          4
   e - Metabolic Englaciation         Hexes/Ice                    5
   f - Yara's Violent Unravelling     Hexes/Transmutation          5
Comestibles
 i - a beef jerky
 p - a meat ration


   Skills:
 + Level 5.7 Fighting
 - Level 2.6 Dodging
 + Level 5.1 Shields
 * Level 6.1 Unarmed Combat


You had 5 spell levels left.
You knew the following spells:

 Your Spells              Type           Power        Failure   Level  Hunger
a - Confusing Touch       Hex            #.....       98%         1    ##.....


Dungeon Overview and Level Annotations

Branches:
Dungeon (5/15)             Temple (1/1) D:4

Altars:
Ashenzari
Dithmenos
Fedhas
Hepliaklqana
Kikubaaqudgha
Makhleb
Nemelex Xobeh
Okawaru
Pakellas
Qazlal
Ru
Trog
Uskayaw
Vehumet
Xom
Yredelemnul
Zin

Annotations:
D:3 Bikalo's ghost, amateur GrMo
D:4 Arkorax's ghost, amateur NaWn


Innate Abilities, Weirdness & Mutations

You can breathe bolts of dispelling energy.
Your rich purple scales are hard. (AC +6)
Your body does not fit into most forms of armour.
You are cold-blooded and may be slowed by cold attacks.


Message History

You are too injured to fight recklessly!
You are too injured to fight recklessly!
Press: ? - help, Shift-Dir - straight line, f - ogre
Aim: an ogre, wielding a giant club (heavily wounded)
You fail to use your ability.
The ogre barely misses you.
Throwing (i - inventory. (,) - cycle):
u - a throwing net (quivered)
Press: ? - help, Shift-Dir - straight line, f/p - ogre
Aim: an ogre, wielding a giant club (heavily wounded)
You throw a throwing net.
The throwing net barely misses the ogre.
The ogre hits you but does no damage.
You hit the ogre.
The ogre is severely wounded.
The ogre barely misses you.
Your shield prevents you from hitting the ogre.
The ogre is severely wounded.
Your shield prevents you from hitting the ogre.
The ogre is severely wounded.
The ogre hits you with a giant club!
You die...

#...... ### #..<..# ##.####
#.....# #.....## #....##
##......### ##....#
#.........###....##
##..........##....#
#............#....#
#...@O.....(.....##
##................#
#.................#
#.†...............#
#.................# ..
#................... #..##
.....................
#....###.....................
#......#.....................


You could see an ogre.

Vanquished Creatures
  Edmund (D:4)
  A phantom (D:4)
  An ogre (D:5)
  Blork the orc (D:5)
  A scorpion (D:4)
  A crimson imp (D:5)
  3 orc priests
  2 hounds
  An iguana (D:5)
  An orc wizard (D:4)
  A hound skeleton (D:5)
  5 adders
  A worm (D:3)
  A giant gecko (D:1)
  4 orcs
  A ball python (D:4)
  2 giant cockroaches
  2 goblins
  12 hobgoblins
  4 jackals (D:3)
  3 quokkas
  5 bats
  A giant newt (D:1)
  8 kobolds
  A quokka skeleton (D:4)
  6 rats
70 creatures vanquished.

Notes
Turn   | Place    | Note
-------+----------+-------------------------------------------
     0 | D:1      | Arkorax the Draconian Fighter began the quest for the Orb.
     0 | D:1      | Reached XP level 1. HP: 19/19 MP: 1/1
   538 | D:1      | Reached XP level 2. HP: 23/26 MP: 2/2
  1644 | D:2      | Found a sacrificial altar of Ru.
  1729 | D:2      | Reached XP level 3. HP: 33/33 MP: 3/3
  1953 | D:2      | Learned a level 1 spell: Confusing Touch
  2270 | D:3      | Noticed Bikalo's ghost (amateur GrMo)
  2384 | D:2      | Reached skill level 3 in Unarmed Combat
  2837 | D:3      | Reached XP level 4. HP: 40/40 MP: 4/4
  2848 | D:3      | Found a radiant altar of Vehumet.
  2953 | D:4      | Reached skill level 4 in Unarmed Combat
  2953 | D:4      | Reached XP level 5. HP: 33/46 MP: 5/5
  3028 | D:4      | Noticed Arkorax's ghost (amateur NaWn)
  3191 | D:4      | Found a staircase to the Ecumenical Temple.
  3211 | D:4      | Noticed a phantom
  3216 | Temple   | Entered the Ecumenical Temple
  3311 | Temple   | Became a worshipper of Zin the Law-Giver
  3311 | Temple   | Reached * piety under Zin
  3399 | D:4      | Killed a phantom
  3399 | D:4      | Reached XP level 6. HP: 19/55 MP: 6/6
  3597 | D:4      | Noticed Edmund
  3612 | D:5      | Entered Level 5 of the Dungeon
  4024 | D:5      | Reached skill level 5 in Fighting
  4067 | D:4      | Killed Edmund
  4067 | D:4      | Reached skill level 5 in Unarmed Combat
  4395 | D:5      | Your scales start taking on a rich purple colour.
  4395 | D:5      | Reached XP level 7. HP: 38/61 MP: 7/7
  4623 | D:5      | Noticed Blork the orc
  4645 | D:5      | Was placed under penance by Zin
  4646 | D:5      | Killed Blork the orc
  5148 | D:5      | Was forgiven by Zin
  5208 | D:5      | Reached skill level 5 in Shields
  5208 | D:5      | Reached skill level 6 in Unarmed Combat
  5465 | D:5      | Slain by an ogre

Vault maps used:
D:1:      dpeg_arrival_castle
D:2:      nicolae_ru_sacrificial_ziggurat
D:3:      vehumet_crystals, minmay_misc_feat_secret_circle
D:4:      first_bread, gammafunk_pakellas_its_alive, uniq_edmund
D:5:      uniq_blork_the_orc, uniq_crazy_yiuf_cottage
Temple:   compressed_dpeg_circular_temple

Skill      XL: |  1  2  3  4  5  6  7 |
---------------+----------------------+-----
Fighting       | 4 5 |  5.7
Unarmed Combat | 3 4 5 6 |  6.1
Shields        | 4 5 |  5.1
Dodging        | |  2.6

Action                   |  1- 3 |  4- 6 |  7- 9 || total
-------------------------+-------+-------+-------++-------
Melee: Unarmed           |   240 |   152 |    53 ||   445
       Tailslap          |    24 |    21 |    10 ||    55
Throw: Throwing net      |       |     1 |     1 ||     2
 Abil: Breathe Dispellin |       |       |     1 ||     1
  Use: Potion            |       |     5 |     1 ||     6
 Stab: Sleeping          |     1 |       |     1 ||     2
  Eat: Chunk             |     4 |     1 |       ||     5
       Bread ration      |     1 |     1 |       ||     2
Armor: Skin              |    63 |    44 |     9 ||   116
Dodge: Dodged            |    79 |    49 |    15 ||   143
Block: Shield            |   104 |    68 |    19 ||   191
